 Dungeon Sprint DCSS version 0.15.2 (webtiles) character file.

59595 MordorOrchid the Bringer of Life (level 14, -9/178 HPs)
             Began as a Gargoyle Healer on July 5, 2020.
             Was the Champion of Elyvilon.
             Shot with an arrow by a deep elf master archer (23 damage)
             ... in the Dungeon (Sprint V: "Ziggurat Sprint").
             The game lasted 01:03:17 (2029 turns).

MordorOrchid the Bringer of Life (Gargoyle Healer)  Turns: 2029, Time: 01:03:18

HP  -9/178       AC 40     Str 24      XL: 14   Next: 95%
MP  40/49        EV 13     Int 20      God: Elyvilon [******]
Gold 0           SH 32     Dex  7      Spells:  5 memorised, 14 levels left

rFire  + . .     SeeInvis .     a - +10 lance "Wyrmbane" {slay drac, +Rage rPois rF+ AC+5}
rCold  . . .     Clarity  .     Q - melded +2 steam dragon armour
rNeg   + + +     rCorr    .     v - +18 shield of the gong {rElec rN+ MR+ EV-5}
rPois  +         rRot     +     (no helmet)
rElec  +         Spirit   .     I - +2 cloak {rPois}
SustAb .         Warding  +     (gloves currently unavailable)
rMut   .         NoTele   +     r - melded +2 pair of boots {Stlth+}
Gourm  .                        l - brooch of Shielding {Ward rN+ AC+4 EV+4}
MR     ++...                    U - +5 ring of slaying
                                q - ring "Arotofad" {Str+5 Int+3 Regen}

@: divinely vigorous, statue-form, starving, studying Armour, very slow, very
resistant to hostile enchantments, very unstealthy
A: able to fly continuously, big wings, negative energy resistance 1, screaming
1, electricity resistance, unbreathing, petrification resistance, rot immunity
a: Fly, End Transformation, Lesser Healing, Lesser Self-Healing, Divine
Protection, Purification, Greater Healing, Greater Self-Healing, Divine Vigour,
Renounce Religion, Evoke Berserk Rage


You were in the Dungeon.
You worshipped Elyvilon.
Elyvilon was exalted by your worship.
You were starving.
You were a stone statue.
You visited 1 branch

Inventory:

Hand weapons
 a - the +10 lance "Wyrmbane" (weapon) {slay drac, +Rage rPois rF+ AC+5}
   (You found it in the Dungeon)

   It affects your AC (+5).
   It protects you from fire.
   It protects you from poison.
   It lets you go berserk.
 A - the +8 blowgun of an ice cave {speed, rElec rN+ MR+ Stlth--}
   (You took it off a skeletal warrior in the Dungeon)

   Attacks with this weapon are significantly faster.
   It insulates you from electricity.
   It protects you from negative energy.
   It affects your resistance to hostile enchantments.
   It makes you much less stealthy.
Missiles
 P - 1000 arrows
Armour
 r - a +2 pair of boots of stealth (melded)
 v - the +18 shield of the gong (worn) {rElec rN+ MR+ EV-5}
   (You found it in the Dungeon)

   It affects your evasion (-5).
   It insulates you from electricity.
   It protects you from negative energy.
   It affects your resistance to hostile enchantments.
 I - a +2 cloak of poison resistance (worn)
 Q - a +2 steam dragon armour (melded)
Magical devices
 j - a wand of fire (3)
 k - a wand of cold (5)
 o - a wand of heal wounds (2)
Comestibles
 d - 5 bread rations
 z - 30 fruits
Scrolls
 h - 3 scrolls of blinking
 y - 4 scrolls of amnesia
 B - 4 scrolls of recharging
 C - 5 scrolls of fog
 E - 5 scrolls of identify
 F - 5 scrolls of remove curse
 G - 2 scrolls of fear
Jewellery
 i - the amulet "Phapn" {Clar rN+ MR+ Int+3}
   (You found it in the Dungeon)

   [amulet of clarity]

   It provides mental clarity.
   It affects your intelligence (+3).
   It protects you from negative energy.
   It affects your resistance to hostile enchantments.
 l - the brooch of Shielding (around neck) {Ward rN+ AC+4 EV+4}
   (You found it in the Dungeon)

   [amulet of warding]

   It may prevent the melee attacks of summoned creatures.
   It affects your AC (+4).
   It affects your evasion (+4).
   It protects you from negative energy.
 p - a +6 ring of intelligence
 q - the ring "Arotofad" (left hand) {Str+5 Int+3 Regen}
   (You found it in the Dungeon)

   [ring of regeneration]

   It affects your strength (+5).
   It affects your intelligence (+3).
   It increases your rate of regeneration.
 D - an uncursed amulet of the gourmand
 O - the ring "Critug" {+Inv rC++}
   (You found it in the Dungeon)

   [ring of invisibility]

   It greatly protects you from cold.
   It lets you turn invisible.
 S - the ring of Phyfuxutu {Dex+4 Int+1 SInv}
   (You found it in the Dungeon)

   [ring of see invisible]

   It affects your intelligence (+1).
   It affects your dexterity (+4).
   It enhances your eyesight.
 U - a +5 ring of slaying (right hand)
 X - an uncursed amulet of resist mutation
Potions
 b - 11 potions of curing
 c - 2 potions of heal wounds
 e - a potion of haste
 f - 5 potions of magic
 g - 3 potions of berserk rage
 H - 2 potions of brilliance
 J - 2 potions of restore abilities
 K - 4 potions of resistance
 M - 2 potions of agility
 N - a potion of might
Books
 m - Grup Ukhlofi's Reference Book on Helpful Dislocation
   (You found it in the Dungeon)

   Spells                             Type                      Level
   Apportation                        Translocation                1
   Control Teleport                   Charms/Translocation         4
   Passage of Golubria                Translocation                4
   Warp Weapon                        Charms/Translocation         5
   Phase Shift                        Translocation                5
 s - a tome of Destruction
 t - a tome of Destruction
 L - a manual of
Armour
 T - a manual of Armour
Magical staves
 x - an uncursed staff of energy
Miscellaneous
 n - a lamp of fire
 u - a disc of storms
 w - an ornate deck of summonings
 R - a phial of floods
 V - a box of beasts
 Y - a plain deck of defence {drawn: 4}
 Z - a box of beasts


   Skills:
 * Level 15.5 Fighting
 * Level 10.8 Polearms
 * Level 11.4 Armour
 - Level 8.2 Dodging
 + Level 16.2 Shields
 * Level 10.4 Spellcasting
 * Level 7.1 Summonings
 - Level 11.9 Transmutations
 * Level 6.2 Air Magic
 - Level 11.5 Earth Magic
 * Level 23.0 Invocations
 - Level 8.2 Evocations


You had 14 spell levels left.
You knew the following spells:

 Your Spells              Type           Power        Failure   Level  Hunger
a - Repel Missiles        Chrm/Air       ###...       2%          2    None
j - Summon Lightning Spi  Summ/Air       #####...     6%          4    ##.....
s - Summon Forest         Summ/Tloc      ###.......   45%         5    ####...
t - Sticks to Snakes      Trmt           ######....   1%          2    None
Y - Statue Form           Trmt/Erth      ######...    12%         6    ######.


Dungeon Overview and Level Annotations

Branches:
Dungeon (1/1)

Altars:
Ashenzari
Cheibriados
Dithmenos
Elyvilon
Fedhas
Kikubaaqudgha
Makhleb
Nemelex Xobeh
Okawaru
Qazlal
Sif Muna
Trog
Vehumet
Xom
Yredelemnul
Zin
The Shining One
Beogh
Jiyva
Lugonu


Innate Abilities, Weirdness & Mutations

You are resistant to torment.
You are immune to poison.
You can fly continuously.
Your stone body is very resilient (AC +9).
Your wings are large and strong.
You resist negative energy.
You are resistant to electric shocks.
You can survive without breathing.
You are immune to petrification.
You are immune to rotting.
You occasionally shout uncontrollably at your foes.


Message History

The arrow barely misses you.
The arrow hits the deep elf knight!!
The deep elf knight dies!
The deep elf fighter becomes somewhat translucent.
Unknown command.
Unknown command.
Evoke which item? (* to show all) (? for menu, Esc to quit)
The disc glows for a moment, then fades.
You block the deep elf sorcerer's attack.
SHROANNG!
The deep elf master archer shoots an arrow.
GONNNNG!
You block the arrow. The deep elf high priest misses you.
The deep elf master archer shoots an arrow.
The arrow hits you!
* * * LOW HITPOINT WARNING * * *
The deep elf sorcerer hits you but does no damage.
The large abomination hits you but does no damage.
The deep elf master archer shoots an arrow.
The arrow hits you!!
You die...

))|(..▓..}))}"[:))})..
.....(.▓....:?}):)}....
....)...▓...............
..).))...▓...............
......|(.▓...............
.......4xx▓...............
........3e)e▓...............
.........e{ee▓...............
...........ee8▓ ..▓.......▓...
...........(eXe▓. ▓▓▓.....▓▓▓).
...▓.......▓...§▓...▓.......▓.))
................▓.....≈.....)...
................▓.............≈≈
.................▓▓▓▓▓▓▓▓▓▓▓▓▓▓▓▓
................(▓
▓▓▓▓▓▓▓▓▓▓▓▓▓▓▓▓▓▓


You could see 2 deep elf master archers, a deep elf annihilator, a deep elf
sorcerer, a soul eater, 2 deep elf knights, a deep elf high priest, a large
abomination, a deep elf priest, a red devil, a deep elf fighter and 2 small
abominations.

Vanquished Creatures
  A pandemonium lord (D)
  2 deep elf master archers (D)
  A lich (D)
  2 tentacled starspawn (D)
  A deep elf sorcerer (D)
  A ghoul (D)
  A reaper (D)
  2 green draconians (D)
  A deep elf annihilator (D)
  A centaur warrior (D)
  2 thrashing horrors (D)
  2 sun demons (D)
  3 wretched stars (D)
  7 skeletal warriors (D)
  2 large abominations (D)
  An ice devil (D)
  A deep elf summoner (D)
  2 shining eyes (D)
  An ugly thing (D)
  A red wasp (shapeshifter) (D)
  A sixfirhy (D)
  2 smoke demons (D)
  An iron devil (D)
  2 orange demons (D)
  An ancient zyme (D)
  An efreet (D)
  A freezing wraith (D)
  2 hellwings (D)
  A fire elemental (D)
  A yaktaur (D)
  A deep elf priest (D)
  A jumping spider (shapeshifter) (D)
  2 blue devils (D)
  A boulder beetle (shapeshifter) (D)
  4 slime creatures (D)
  A vampire (D)
  A ynoxinul (D)
  2 deep elf magi (D)
  A neqoxec (D)
  A deep elf fighter (D)
  A chaos spawn (D)
  6 small abominations (D)
  An ice beast (D)
  An orc warrior (D)
  5 centaurs (D)
  An eye of draining (D)
  2 wights (D)
  2 jellies (D)
  3 crimson imps (D)
  An iron imp (D)
  An orc wizard (D)
  2 sheep (D)
  4 orange rats (D)
  A shadow imp (D)
  3 worm zombies (D)
  2 giant mites (D)
  6 white imps (D)
  A spectral adder (D)
  5 ufetubi (D)
  An adder zombie (D)
  3 adder skeletons (D)
  A giant eyeball (D)
  An ooze (D)
  4 orcs (D)
  2 bat skeletons (D)
  3 bat zombies (D)
  2 giant mite zombies (D)
  A hobgoblin (D)
  3 ball pythons (D)
  A giant gecko simulacrum (D)
  A giant gecko skeleton (D)
  3 goblin skeletons (D)
  2 goblin zombies (D)
  A hobgoblin skeleton (D)
  2 kobold skeletons (D)
  2 kobold zombies (D)
  A rat skeleton (D)
  A rat zombie (D)
  A spectral giant gecko (D)
  A spectral goblin (D)
  A fungus (D)
  2 starspawn tentacles (D)
151 creatures vanquished.

Vanquished Creatures (collateral kills)
  A slime creature (D)
  An adder skeleton (D)
  A giant eyeball (D)
  A kobold skeleton (D)
  A starspawn tentacle (D)
5 creatures vanquished.

Vanquished Creatures (others)
  4 deep elf master archers (D)
  A deep elf blademaster (D)
  A deep elf sorcerer (D)
  2 stone giants (D)
  6 deep elf annihilators (D)
  A grey draconian (D)
  A pale draconian (D)
  3 red draconians (D)
  A merfolk javelineer (D)
  2 yaktaur captains (D)
  2 deep elf high priests (D)
  3 centaur warriors (D)
  3 deep elf knights (D)
  2 soul eaters (D)
  3 ice devils (D)
  A hill giant (shapeshifter) (D)
  A deep elf summoner (D)
  A spiny frog (shapeshifter) (D)
  2 yaktaurs (D)
  3 fire elementals (D)
  A deep elf priest (D)
  A water elemental (D)
  3 freezing wraiths (D)
  2 wraiths (D)
  2 flying skulls (D)
  A shadow (D)
  7 deep elf magi (D)
  A neqoxec (D)
  3 deep elf fighters (D)
  2 ice beasts (D)
  3 orc warriors (D)
  2 iron imps (D)
  A wight (D)
  An orange rat (D)
  A sheep (D)
  A mummy (D)
  A shadow imp (D)
  A white imp (D)
  5 adder skeletons (D)
  An adder zombie (D)
  7 orcs (D)
  A spectral bat (D)
  3 bat skeletons (D)
  A goblin (D)
  A hobgoblin (D)
  A giant newt skeleton (D)
  A giant newt zombie (D)
  A goblin zombie (D)
  2 hobgoblin zombies (D)
  A kobold zombie (D)
  2 rat skeletons (D)
  A rat zombie (D)
  A spectral hobgoblin (D)
  A crawling corpse (D)
  4 starspawn tentacles (D)
  3 starspawn tentacle segments (D)
114 creatures vanquished.

Grand Total: 270 creatures vanquished

Notes
Turn   | Place    | Note
--------------------------------------------------------------
     0 | D        | MordorOrchid, the Gargoyle Healer, began the quest for the Orb.
     0 | D        | Reached XP level 1. HP: 12/12 MP: 2/2
     0 | D        | Found a roughly hewn altar of Beogh.
     0 | D        | Found a corrupted altar of Lugonu.
     1 | D        | Found a white marble altar of Elyvilon.
     2 | D        | Found a sparkling altar of Nemelex Xobeh.
     2 | D        | Found a burning altar of Makhleb.
     2 | D        | Found a deep blue altar of Sif Muna.
     3 | D        | Found a bloodstained altar of Trog.
     7 | D        | Found an iron altar of Okawaru.
    17 | D        | Found a radiant altar of Vehumet.
    28 | D        | Found an ancient bone altar of Kikubaaqudgha.
    30 | D        | Found a basalt altar of Yredelemnul.
    36 | D        | Reached skill level 8 in Shields
    36 | D        | Reached XP level 2. HP: 16/16 MP: 3/3
    41 | D        | Found a shimmering altar of Xom.
    53 | D        | Entered arena 1.
    60 | D        | Identified the Compendium of Battle Magic (You found it in the Dungeon)
    61 | D        | Entered arena 2.
    61 | D        | Noticed a centaur
    61 | D        | Noticed a centaur
    61 | D        | Noticed a centaur
    66 | D        | Killed a centaur
    66 | D        | Reached XP level 3. HP: 19/24 MP: 4/8
    66 | D        | Reached XP level 4. HP: 22/29 MP: 5/10
    68 | D        | Killed a centaur
    68 | D        | Reached skill level 5 in Fighting
    68 | D        | Reached skill level 9 in Invocations
    68 | D        | Reached XP level 5. HP: 24/35 MP: 6/15
    70 | D        | Killed a centaur
    70 | D        | Reached skill level 10 in Invocations
    70 | D        | Reached XP level 6. HP: 27/41 MP: 7/18
    80 | D        | Entered arena 3.
    80 | D        | Noticed an eye of draining
    80 | D        | Noticed a slime creature
    80 | D        | Noticed a jelly
    88 | D        | Killed a slime creature
    88 | D        | Reached skill level 12 in Invocations
    88 | D        | Reached XP level 7. HP: 24/48 MP: 9/21
    91 | D        | Killed a jelly
    95 | D        | Killed an eye of draining
   240 | D        | Entered arena 4.
   260 | D        | Entered arena 5.
   260 | D        | Noticed an orc wizard
   260 | D        | Noticed an orc priest
   260 | D        | Noticed an orc priest
   260 | D        | Noticed an orc priest
   261 | D        | Pacified an orc priest
   264 | D        | Pacified an orc priest
   264 | D        | Reached skill level 1 in Polearms
   264 | D        | Reached skill level 1 in Spellcasting
   264 | D        | Acquired Elyvilon's third power
   265 | D        | Pacified an orc priest
   265 | D        | Reached skill level 1 in Armour
   269 | D        | Killed an orc wizard
   273 | D        | Got the ring of Thruynwumopp {SustAb Dex+2 Int+3}
   279 | D        | Entered arena 6.
   279 | D        | Noticed a red ugly thing
   279 | D        | Noticed a hog
   279 | D        | Noticed a neqoxec
   279 | D        | Noticed a neqoxec
   279 | D        | Noticed a neqoxec
   279 | D        | Noticed a spiny frog
   281 | D        | Pacified a neqoxec
   282 | D        | Pacified a neqoxec
   282 | D        | Acquired Elyvilon's fourth power
   283 | D        | Pacified a spiny frog
   283 | D        | Reached XP level 8. HP: 50/53 MP: 14/23
   284 | D        | Pacified a hog
   284 | D        | Killed a spiny frog
   290 | D        | Killed a red ugly thing
   292 | D        | Killed a neqoxec
   294 | D        | Pacified a neqoxec
   298 | D        | Noticed an orb spider
   298 | D        | a hog changed into an orb spider
   324 | D        | Identified the Tome of Bewitchment (You found it in the Dungeon)
   327 | D        | an orb spider changed into something unseen
   366 | D        | Entered arena 7.
   366 | D        | Noticed a red ugly thing
   366 | D        | Noticed a neqoxec
   366 | D        | Noticed a neqoxec
   366 | D        | Noticed a fire drake
   366 | D        | Noticed a red wasp
   366 | D        | Noticed a red ugly thing
   369 | D        | Pacified a neqoxec
   369 | D        | Reached skill level 5 in Armour
   372 | D        | Pacified a fire drake
   372 | D        | Reached skill level 13 in Invocations
   374 | D        | Pacified a neqoxec
   375 | D        | a fire drake changed into a yak
   379 | D        | Pacified a green ugly thing
   379 | D        | Reached skill level 5 in Dodging
   380 | D        | Pacified a purple ugly thing
   380 | D        | Reached skill level 5 in Polearms
   380 | D        | Reached skill level 5 in Spellcasting
   380 | D        | Reached XP level 9. HP: 57/59 MP: 8/25
   385 | D        | Killed a red wasp
   482 | D        | Entered arena 8.
   482 | D        | Noticed a merfolk
   482 | D        | Noticed a merfolk
   482 | D        | Noticed a centaur
   482 | D        | Noticed a merfolk
   485 | D        | Pacified a merfolk
   485 | D        | Reached skill level 14 in Invocations
   487 | D        | Pacified a merfolk
   490 | D        | Pacified a merfolk
   491 | D        | Pacified a centaur
   512 | D        | Entered arena 9.
   512 | D        | Noticed an orc warrior
   512 | D        | Noticed an orc wizard
   512 | D        | Noticed an orc warrior
   512 | D        | Noticed an orc priest
   515 | D        | Pacified an orc priest
   516 | D        | Pacified an orc warrior
   518 | D        | Pacified an orc warrior
   522 | D        | Pacified an orc wizard
   622 | D        | Entered arena 10.
   622 | D        | Noticed a slime creature
   622 | D        | Noticed a jelly
   622 | D        | Noticed a shining eye
   622 | D        | Noticed a slime creature
   622 | D        | Noticed a slime creature
   622 | D        | Noticed a shining eye
   622 | D        | Noticed a slime creature
   630 | D        | Killed a jelly
   630 | D        | Killed a slime creature
   630 | D        | Paralysed by a giant eyeball for 4 turns
   636 | D        | Gained mutation: You occasionally shout uncontrollably at your foes. [a shining eye]
   637 | D        | Killed a shining eye
   637 | D        | Reached skill level 15 in Invocations
   638 | D        | Killed a shining eye
   638 | D        | Reached XP level 10. HP: 30/64 MP: 25/27
   640 | D        | Killed a slime creature
   641 | D        | Killed a slime creature
   643 | D        | Killed a slime creature
   656 | D        | Entered arena 11.
   656 | D        | Noticed a deep elf knight
   656 | D        | Noticed a deep elf annihilator
   656 | D        | Noticed a deep elf mage
   656 | D        | Noticed a deep elf sorcerer
   656 | D        | Noticed a deep elf summoner
   656 | D        | Noticed a deep elf sorcerer
   656 | D        | Noticed a deep elf mage
   656 | D        | Noticed a deep elf fighter
   657 | D        | Noticed a deep elf summoner
   657 | D        | Pacified a deep elf sorcerer
   657 | D        | Reached skill level 16 in Invocations
   658 | D        | Noticed a deep elf master archer
   658 | D        | Pacified a deep elf summoner
   669 | D        | Killed a deep elf mage
   669 | D        | Killed a deep elf mage
   676 | D        | Killed a deep elf sorcerer
   676 | D        | Killed a deep elf fighter
   676 | D        | Reached skill level 17 in Invocations
   687 | D        | Killed a deep elf master archer
   687 | D        | Reached XP level 11. HP: 28/91 MP: 23/39
   688 | D        | Killed a deep elf summoner
   688 | D        | Reached skill level 10 in Armour
   692 | D        | Pacified a deep elf knight
   702 | D        | Killed a deep elf annihilator
   702 | D        | Reached skill level 18 in Invocations
   729 | D        | Got the ring of Qeleotyavo {MP+9 Str-5 Int+2}
   769 | D        | Entered arena 12.
   769 | D        | Noticed a green draconian
   769 | D        | Noticed a grey draconian
   769 | D        | Noticed a red draconian
   769 | D        | Noticed a black draconian
   769 | D        | Noticed a green draconian
   769 | D        | Noticed a red draconian
   769 | D        | Noticed a green draconian
   769 | D        | Noticed a grey draconian
   770 | D        | Noticed a green draconian
   770 | D        | Pacified a grey draconian
   776 | D        | Pacified a black draconian
   777 | D        | Pacified a red draconian
   781 | D        | Noticed a red draconian
   784 | D        | Pacified a grey draconian
   784 | D        | Reached skill level 10 in Shields
   784 | D        | Reached skill level 5 in Evocations
   786 | D        | Killed a grey draconian
   788 | D        | Pacified a green draconian
   789 | D        | Noticed a pale draconian
   794 | D        | Pacified a green draconian
   796 | D        | Killed a green draconian
   796 | D        | Killed a red draconian
   801 | D        | Killed a green draconian
   801 | D        | Reached XP level 12. HP: 74/74 MP: 9/31
   804 | D        | Killed a red draconian
   805 | D        | Killed a pale draconian
   807 | D        | Killed a red draconian
   826 | D        | Identified the Compendium of the Oath (You found it in the Dungeon)
   846 | D        | Entered arena 13.
   846 | D        | Noticed a wraith
   846 | D        | Noticed a hell hound
   846 | D        | Noticed an iron imp
   847 | D        | Noticed an iron devil
   847 | D        | Noticed a flying skull
   847 | D        | Noticed a tormentor
   847 | D        | Noticed a blue devil
   848 | D        | Pacified a tormentor
   849 | D        | Pacified a hell hound
   850 | D        | Pacified an iron devil
   851 | D        | Pacified a blue devil
   852 | D        | Noticed an iron imp
   853 | D        | Pacified a wraith
   857 | D        | Killed a flying skull
   858 | D        | Killed an iron imp
   863 | D        | Killed an iron imp
   875 | D        | Entered arena 14.
   875 | D        | Noticed a vampire knight
   875 | D        | Noticed a necrophage
   876 | D        | Pacified a vampire knight
   878 | D        | Noticed a wight
   878 | D        | Noticed a vampire mage
   878 | D        | Noticed a wight
   878 | D        | Noticed a ghoul
   878 | D        | Pacified a vampire mage
   879 | D        | Noticed a skeletal warrior
   879 | D        | Pacified a necrophage
   880 | D        | Noticed a shadow
   880 | D        | Pacified a wight
   882 | D        | Pacified a ghoul
   883 | D        | Killed a wight
   885 | D        | Killed a shadow
   899 | D        | Killed a skeletal warrior
   928 | D        | Learned a level 2 spell: Sticks to Snakes
   933 | D        | Learned a level 2 spell: Repel Missiles
   937 | D        | Entered arena 15.
   937 | D        | Noticed a soul eater
   937 | D        | Noticed a soul eater
   938 | D        | Pacified a soul eater
   939 | D        | Pacified a soul eater
   939 | D        | Reached skill level 19 in Invocations
   940 | D        | Noticed a soul eater
   942 | D        | Pacified a soul eater
   942 | D        | Reached skill level 1 in Transmutations
   943 | D        | Noticed a shadow dragon
   943 | D        | Noticed a soul eater
   943 | D        | Noticed a soul eater
   945 | D        | Noticed a ghoul
   945 | D        | Pacified a shadow dragon
   946 | D        | Pacified a soul eater
   955 | D        | Pacified a soul eater
   961 | D        | Killed a soul eater
   976 | D        | Killed a ghoul
   990 | D        | Got the ring of Phyfuxutu {Dex+4 Int+1 SInv}
  1003 | D        | Entered arena 16.
  1010 | D        | Noticed an ice devil
  1011 | D        | Pacified an ice devil
  1017 | D        | Noticed a wight
  1017 | D        | Noticed a vampire
  1018 | D        | Pacified a vampire
  1024 | D        | Killed a wight
  1035 | D        | Noticed a freezing wraith
  1035 | D        | Noticed an ice beast
  1035 | D        | Noticed a vampire
  1036 | D        | Pacified a vampire
  1037 | D        | Pacified a freezing wraith
  1038 | D        | Pacified an ice beast
  1042 | D        | Noticed an ice devil
  1042 | D        | Noticed a wraith
  1042 | D        | Noticed an ice beast
  1043 | D        | Noticed a skeletal warrior
  1043 | D        | Noticed a wraith
  1044 | D        | Pacified an ice devil
  1052 | D        | Killed an ice beast
  1053 | D        | Pacified a wraith
  1055 | D        | Pacified a wraith
  1056 | D        | Pacified a skeletal warrior
  1056 | D        | Reached skill level 10 in Fighting
  1067 | D        | Identified Ozocubu's Incunabulum of the Glacier (You found it in the Dungeon)
  1068 | D        | Identified the Incunabulum of Ashen Aid (You found it in the Dungeon)
  1070 | D        | Identified Grup Ukhlofi's Reference Book on Helpful Dislocation (You found it in the Dungeon)
  1070 | D        | Identified Grup Ukhlofi's Reference Book on Helpful Dislocation (You found it in the Dungeon)
  1072 | D        | Identified The Second Course in Magic (You found it in the Dungeon)
  1072 | D        | Identified The Second Course in Magic (You found it in the Dungeon)
  1091 | D        | Entered arena 17.
  1097 | D        | Noticed an orc knight
  1097 | D        | Noticed an orc knight
  1099 | D        | Noticed an orc warrior
  1100 | D        | Noticed an orc warrior
  1100 | D        | Pacified an orc knight
  1100 | D        | Reached skill level 10 in Polearms
  1101 | D        | Noticed an orc high priest
  1101 | D        | Noticed an orc sorcerer
  1102 | D        | Noticed an orc warrior
  1102 | D        | Pacified an orc high priest
  1103 | D        | Pacified an orc sorcerer
  1104 | D        | Pacified an orc knight
  1107 | D        | Killed an orc warrior
  1107 | D        | Killed an orc warrior
  1111 | D        | Noticed an orc sorcerer
  1111 | D        | Killed an orc warrior
  1112 | D        | Pacified an orc sorcerer
  1112 | D        | Reached skill level 20 in Invocations
  1114 | D        | Noticed an orc warrior
  1118 | D        | Killed an orc warrior
  1170 | D        | Learned a level 6 spell: Statue Form
  1195 | D        | Got the ring "Arotofad" {Str+5 Int+3 Regen}
  1199 | D        | Entered arena 18.
  1207 | D        | Noticed a deep elf fighter
  1207 | D        | Noticed a deep elf knight
  1207 | D        | Noticed a deep elf mage
  1208 | D        | Noticed a deep elf high priest
  1208 | D        | Noticed a deep elf mage
  1208 | D        | Pacified a deep elf high priest
  1209 | D        | Noticed a deep elf mage
  1209 | D        | Noticed a jumping spider
  1209 | D        | Pacified a deep elf knight
  1210 | D        | Pacified a deep elf fighter
  1210 | D        | Reached skill level 5 in Transmutations
  1212 | D        | Noticed a trapdoor spider
  1212 | D        | Killed a jumping spider
  1213 | D        | Pacified a deep elf mage
  1213 | D        | Killed a deep elf priest
  1213 | D        | Killed a deep elf fighter
  1214 | D        | Pacified a deep elf mage
  1215 | D        | Killed a deep elf knight
  1216 | D        | Noticed a deep elf master archer
  1216 | D        | Noticed a deep elf mage
  1216 | D        | Pacified a deep elf mage
  1217 | D        | Pacified a deep elf master archer
  1217 | D        | Reached skill level 5 in Earth Magic
  1217 | D        | Reached XP level 13. HP: 82/82 MP: 22/33
  1218 | D        | Noticed a deep elf blademaster
  1218 | D        | Noticed a deep elf knight
  1218 | D        | Noticed a deep elf knight
  1219 | D        | Noticed a deep elf blademaster
  1219 | D        | Pacified a deep elf blademaster
  1219 | D        | Killed a deep elf mage
  1220 | D        | Noticed a deep elf sorcerer
  1222 | D        | Killed a deep elf master archer
  1222 | D        | Killed a deep elf high priest
  1223 | D        | Pacified a deep elf sorcerer
  1224 | D        | Noticed a deep elf mage
  1226 | D        | Pacified a deep elf blademaster
  1226 | D        | Killed a deep elf blademaster
  1226 | D        | Killed a deep elf mage
  1229 | D        | Noticed a deep elf master archer
  1229 | D        | Pacified a deep elf mage
  1229 | D        | Killed a deep elf sorcerer
  1232 | D        | Noticed a deep elf high priest
  1235 | D        | Pacified a deep elf high priest
  1237 | D        | Pacified a deep elf master archer
  1237 | D        | Reached skill level 10 in Transmutations
  1241 | D        | Pacified a deep elf mage
  1243 | D        | Pacified a deep elf knight
  1243 | D        | Reached skill level 10 in Earth Magic
  1253 | D        | Killed a deep elf knight
  1317 | D        | Got the ring "Critug" {+Inv rC++}
  1339 | D        | Identified the Almanac of Earth (You found it in the Dungeon)
  1357 | D        | Entered arena 19.
  1366 | D        | Noticed a centaur warrior
  1366 | D        | Noticed a yaktaur captain
  1366 | D        | Noticed a centaur
  1367 | D        | Noticed a deep elf master archer
  1367 | D        | Noticed a yaktaur captain
  1367 | D        | Noticed a merfolk javelineer
  1367 | D        | Noticed a stone giant
  1367 | D        | Pacified a stone giant
  1368 | D        | Noticed a merfolk javelineer
  1369 | D        | Noticed a yaktaur
  1369 | D        | Noticed a deep elf master archer
  1369 | D        | Noticed a centaur warrior
  1369 | D        | Noticed a centaur
  1369 | D        | Pacified a deep elf master archer
  1370 | D        | Noticed a centaur warrior
  1370 | D        | Noticed a stone giant
  1370 | D        | Noticed a cyclops
  1370 | D        | Pacified a yaktaur captain
  1371 | D        | Noticed a stone giant
  1371 | D        | Killed a deep elf master archer
  1372 | D        | Noticed a stone giant
  1372 | D        | Noticed a yaktaur
  1373 | D        | Noticed a cyclops
  1373 | D        | Noticed a yaktaur
  1373 | D        | Killed a stone giant
  1374 | D        | Noticed a centaur warrior
  1375 | D        | Noticed a cyclops
  1375 | D        | Killed a yaktaur captain
  1377 | D        | Killed a centaur warrior
  1385 | D        | Pacified a stone giant
  1386 | D        | Pacified a stone giant
  1387 | D        | Pacified a deep elf master archer
  1388 | D        | Killed a deep elf master archer
  1390 | D        | Killed a centaur warrior
  1393 | D        | Killed a yaktaur captain
  1397 | D        | Killed a centaur
  1401 | D        | Killed a stone giant
  1402 | D        | Killed a yaktaur
  1403 | D        | Pacified a merfolk javelineer
  1405 | D        | Killed a yaktaur
  1407 | D        | Pacified a cyclops
  1407 | D        | Killed a merfolk javelineer
  1408 | D        | Pacified a cyclops
  1409 | D        | Killed a centaur warrior
  1409 | D        | Reached skill level 10 in Spellcasting
  1413 | D        | Killed a centaur
  1413 | D        | Killed a centaur warrior
  1415 | D        | Pacified a cyclops
  1424 | D        | Killed a yaktaur
  1507 | D        | Got the amulet "Phapn" {Clar rN+ MR+ Int+3}
  1510 | D        | Identified Uriteam's Papyrus of Talismans (You found it in the Dungeon)
  1512 | D        | Identified the Tome of Beguiling (You found it in the Dungeon)
  1512 | D        | Identified the Tome of Beguiling (You found it in the Dungeon)
  1515 | D        | Identified the Incunabulum of Ashen Moulding (You found it in the Dungeon)
  1521 | D        | Entered arena 20.
  1530 | D        | Noticed an ice devil
  1530 | D        | Noticed a lich
  1532 | D        | Noticed a freezing wraith
  1532 | D        | Pacified a lich
  1534 | D        | Pacified an ice devil
  1535 | D        | Pacified a freezing wraith
  1537 | D        | Noticed a skeletal warrior
  1538 | D        | Killed a wraith
  1543 | D        | Killed an ice devil
  1543 | D        | Killed an ice beast
  1544 | D        | Noticed a tormentor
  1544 | D        | Pacified a tormentor
  1549 | D        | Noticed a skeletal warrior
  1552 | D        | Noticed a skeletal warrior
  1553 | D        | Noticed a freezing wraith
  1555 | D        | Pacified a freezing wraith
  1555 | D        | Killed a freezing wraith
  1556 | D        | Killed a skeletal warrior
  1565 | D        | Killed a skeletal warrior
  1599 | D        | Killed a skeletal warrior
  1623 | D        | Identified the Tome of Weightlessness (You found it in the Dungeon)
  1628 | D        | Learned a level 4 spell: Summon Lightning Spire
  1663 | D        | Entered arena 21.
  1676 | D        | Noticed Rozaashra the pandemonium lord
  1676 | D        | Noticed a small abomination
  1676 | D        | Noticed a ynoxinul
  1676 | D        | Noticed a large abomination
  1677 | D        | Noticed a wretched star
  1677 | D        | Noticed an iron devil
  1677 | D        | Noticed a lich
  1677 | D        | Noticed a large abomination
  1677 | D        | Noticed a small abomination
  1677 | D        | Noticed an ice devil
  1678 | D        | Noticed a tentacled starspawn
  1681 | D        | Noticed a wight
  1682 | D        | Noticed a small abomination
  1686 | D        | Noticed a wretched star
  1687 | D        | Noticed an orange demon
  1690 | D        | Killed a wight
  1690 | D        | Killed a ynoxinul
  1691 | D        | Noticed a small abomination
  1691 | D        | Killed a large abomination
  1691 | D        | Reached skill level 1 in Summonings
  1691 | D        | Reached skill level 1 in Air Magic
  1691 | D        | Killed a large abomination
  1691 | D        | Killed a small abomination
  1693 | D        | Noticed a wretched star
  1695 | D        | Noticed a small abomination
  1695 | D        | Noticed an efreet
  1695 | D        | Noticed a deep elf priest
  1696 | D        | Noticed a small abomination
  1698 | D        | Noticed an ancient zyme
  1702 | D        | Killed a small abomination
  1702 | D        | Killed an efreet
  1702 | D        | Killed a tentacled starspawn
  1702 | D        | Gained mutation: Your wings are large and strong. [gargoyle growth]
  1702 | D        | Reached XP level 14. HP: 75/134 MP: 7/47
  1703 | D        | Killed a small abomination
  1703 | D        | Killed an ice devil
  1703 | D        | Killed an iron devil
  1704 | D        | Killed a small abomination
  1705 | D        | Killed a deep elf priest
  1707 | D        | Killed a small abomination
  1707 | D        | Killed an orange demon
  1707 | D        | Killed a lich
  1707 | D        | Reached skill level 21 in Invocations
  1708 | D        | Noticed a tentacled starspawn
  1708 | D        | Killed an ancient zyme
  1708 | D        | Killed a small abomination
  1709 | D        | Noticed a thrashing horror
  1709 | D        | Was placed under penance by Elyvilon
  1713 | D        | Killed a tentacled starspawn
  1716 | D        | Killed a wretched star
  1716 | D        | Killed a wretched star
  1731 | D        | Killed Rozaashra the pandemonium lord
  1731 | D        | Reached skill level 5 in Summonings
  1731 | D        | Reached skill level 22 in Invocations
  1736 | D        | Noticed a thrashing horror
  1745 | D        | Killed a thrashing horror
  1749 | D        | Killed a wretched star
  1751 | D        | Killed a thrashing horror
  1771 | D        | Identified the Collected Works on Ensnaring Confrontation (You found it in the Dungeon)
  1776 | D        | Identified the Almanac of the Ashen Escort (You found it in the Dungeon)
  1782 | D        | Learned a level 5 spell: Summon Forest
  1820 | D        | Entered arena 22.
  1843 | D        | Noticed a skeletal warrior
  1844 | D        | Noticed a flying skull
  1845 | D        | Noticed a skeletal warrior
  1846 | D        | Noticed a reaper
  1847 | D        | Pacified a flying skull
  1847 | D        | Reached skill level 5 in Air Magic
  1848 | D        | Noticed a skeletal warrior
  1849 | D        | Noticed a vampire
  1850 | D        | Pacified a vampire
  1850 | D        | Was forgiven by Elyvilon
  1850 | D        | Killed an ice beast
  1854 | D        | Noticed an ice devil
  1854 | D        | Pacified an ice devil
  1855 | D        | Noticed a freezing wraith
  1855 | D        | Noticed an ice devil
  1855 | D        | Pacified a freezing wraith
  1855 | D        | Killed a flying skull
  1856 | D        | Noticed a wraith
  1856 | D        | Pacified an ice devil
  1857 | D        | Was placed under penance by Elyvilon
  1857 | D        | Killed a wraith
  1859 | D        | Killed a freezing wraith
  1866 | D        | Noticed a reaper
  1866 | D        | Killed a vampire
  1866 | D        | Killed an ice devil
  1868 | D        | Noticed a freezing wraith
  1868 | D        | Killed an ice devil
  1869 | D        | Pacified a freezing wraith
  1869 | D        | Was forgiven by Elyvilon
  1870 | D        | Noticed a freezing wraith
  1870 | D        | Pacified a reaper
  1870 | D        | Reached skill level 15 in Fighting
  1870 | D        | Reached skill level 15 in Shields
  1872 | D        | Killed a freezing wraith
  1872 | D        | Killed a freezing wraith
  1875 | D        | Noticed an ice devil
  1878 | D        | Pacified an ice devil
  1890 | D        | Elyvilon protects you from harm!
  1892 | D        | Killed a reaper
  1905 | D        | Killed a skeletal warrior
  1927 | D        | Killed a skeletal warrior
  1935 | D        | Killed a skeletal warrior
  1941 | D        | Got the +8 blowgun of an ice cave {speed, rElec rN+ MR+ Stlth--}
  1984 | D        | Entered arena 23.
  1993 | D        | Noticed a deep elf annihilator
  1993 | D        | Noticed a deep elf mage
  1993 | D        | Noticed a deep elf annihilator
  1993 | D        | Noticed a deep elf sorcerer
  1993 | D        | Noticed a deep elf blademaster
  1994 | D        | Noticed a deep elf master archer
  1995 | D        | Noticed a deep elf mage
  1995 | D        | Pacified a deep elf annihilator
  1996 | D        | Noticed a deep elf mage
  1996 | D        | Noticed a deep elf knight
  1996 | D        | Pacified a deep elf sorcerer
  1997 | D        | Noticed a deep elf master archer
  1997 | D        | Pacified a deep elf master archer
  1998 | D        | Pacified a deep elf annihilator
  1999 | D        | Noticed a deep elf master archer
  1999 | D        | Noticed a deep elf annihilator
  1999 | D        | Pacified a deep elf annihilator
  2000 | D        | Killed a deep elf fighter
  2001 | D        | Pacified a deep elf master archer
  2001 | D        | Killed a deep elf mage
  2002 | D        | Noticed a deep elf master archer
  2002 | D        | Pacified a deep elf mage
  2002 | D        | Killed a deep elf annihilator
  2003 | D        | Killed a deep elf annihilator
  2005 | D        | Noticed a deep elf blademaster
  2006 | D        | Noticed a deep elf fighter
  2006 | D        | Noticed a deep elf annihilator
  2006 | D        | Noticed a deep elf knight
  2006 | D        | Pacified a deep elf blademaster
  2006 | D        | Killed a deep elf high priest
  2007 | D        | Noticed a deep elf fighter
  2007 | D        | Noticed a deep elf mage
  2007 | D        | Noticed a deep elf mage
  2007 | D        | Killed a deep elf mage
  2008 | D        | Noticed a deep elf master archer
  2008 | D        | Noticed a deep elf annihilator
  2008 | D        | Noticed a deep elf annihilator
  2008 | D        | Noticed a deep elf master archer
  2009 | D        | Killed a deep elf mage
  2010 | D        | Noticed a deep elf knight
  2010 | D        | Noticed a deep elf sorcerer
  2010 | D        | Pacified a deep elf blademaster
  2011 | D        | Noticed a deep elf knight
  2012 | D        | Noticed a deep elf fighter
  2012 | D        | Noticed a deep elf summoner
  2013 | D        | Noticed a deep elf high priest
  2013 | D        | Killed a deep elf annihilator
  2013 | D        | Killed a deep elf annihilator
  2014 | D        | Pacified a deep elf annihilator
  2014 | D        | Killed a deep elf master archer
  2016 | D        | Killed a deep elf annihilator
  2016 | D        | Killed a deep elf annihilator
  2017 | D        | Noticed a deep elf priest
  2017 | D        | Noticed a deep elf annihilator
  2019 | D        | Killed a deep elf mage
  2020 | D        | Killed a deep elf fighter
  2023 | D        | Killed a deep elf mage
  2024 | D        | Killed a deep elf master archer
  2024 | D        | Reached skill level 23 in Invocations
  2024 | D        | Killed a deep elf summoner
  2028 | D        | Killed a deep elf knight
  2029 | D        | Shot with an arrow by a deep elf master archer

Action                   |  1- 3 |  4- 6 |  7- 9 | 10-12 | 13-15 || total
-------------------------+-------+-------+-------+-------+-------++-------
Melee: Lance             |     5 |    10 |    63 |    79 |   139 ||   296
       Staff             |       |       |       |       |    33 ||    33
 Cast: Repel Missiles    |       |       |       |     1 |     2 ||     3
       Statue Form       |       |       |       |       |     8 ||     8
Invok: Lesser Healing    |       |       |    25 |    10 |    14 ||    49
       Greater Healing   |       |       |    17 |    59 |    71 ||   147
       Greater Self-Heal |       |       |       |     3 |     7 ||    10
       Lesser Self-Heali |       |       |       |     4 |     6 ||    10
       Divine Vigour     |       |       |       |     1 |     5 ||     6
 Abil: End Transformatio |       |       |       |     2 |       ||     2
Evoke: Disc of storms    |       |       |     5 |     5 |    19 ||    29
       Wand              |       |       |     2 |     2 |     5 ||     9
       Lamp of fire      |       |       |     1 |     1 |     5 ||     7
       Staff of energy   |       |       |       |    17 |     3 ||    20
       Deck              |       |       |       |     8 |     9 ||    17
       Phial of floods   |       |       |       |       |     1 ||     1
  Use: Potion            |     5 |       |     6 |     8 |    11 ||    30
       Scroll            |       |       |     1 |       |     4 ||     5
 Stab: Sleeping          |     3 |     3 |       |       |       ||     6
  Eat: Chunk             |       |       |     5 |    18 |    19 ||    42
       Meat ration       |       |       |     1 |     2 |     1 ||     4
       Fruit             |       |       |       |       |    12 ||    12
       Bread ration      |       |       |       |       |     1 ||     1
